 Dungeon Crawl Stone Soup version 0.31.0-32-g396128a36d (webtiles) character file.

Game seed: 2572733090481788892

187 0gre the Chiller (level 5, -8/38 HPs)
             Began as a Gnoll Ice Elementalist on Apr 11, 2024.
             Mangled by an ogre
             ... wielding a +0 giant spiked club
              (17 damage)
             ... on level 4 of the Dungeon.
             The game lasted 00:10:38 (2952 turns).

0gre the Chiller (Gnoll Ice Elementalist)           Turns: 2952, Time: 00:10:38

Health: -8/38      AC:  2    Str:  7    XL:     5   Next: 66%
Magic:  10/12      EV: 14    Int: 14    God:
Gold:   249        SH:  0    Dex: 15    Spells: 7/14 levels left

rFire   . . .        a - +0 long sword
rCold   . . .        (no shield)
rNeg    + . .        e - +0 robe
rPois   .            (no helmet)
rElec   .            (no cloak)
rCorr   .            (no gloves)
SInv    .            (no boots)
Will    .....        (no amulet)
Stlth   +++          n - ring of wizardry
HPRegen 0.26/turn    q - ring of positive energy
MPRegen 0.13/turn

%: wizardry (x1)
@: no status effects
A: fangs 1, strong nose, distributed training
a: no special abilities


You were on level 4 of the Dungeon.
You visited 1 branch of the dungeon, and saw 4 of its levels.

You collected 249 gold pieces.

Inventory:

Hand Weapons
 a - a +0 long sword (weapon)
 b - a +0 sling
 c - a +0 spear
Missiles
 l - 4 boomerangs (quivered)
 y - a throwing net
Armour
 e - a +0 robe (worn)
 x - a +2 leather armour of willpower
Jewellery
 n - a ring of wizardry (left hand)
 q - a ring of positive energy (right hand)
 r - a ring of flight
Scrolls
 f - 2 scrolls of butterflies {unknown}
 g - a scroll of silence {unknown}
 h - a scroll of teleportation {unknown}
 j - a scroll of blinking {unknown}
 m - 2 scrolls of identify {unknown}
 o - 2 scrolls of amnesia {unknown}
 t - a scroll of noise {unknown}
 u - a scroll of fear {unknown}
Potions
 d - a potion of magic
 i - 2 potions of haste {unknown}
 k - 2 potions of degeneration {unknown}
 p - a potion of invisibility {unknown}
 s - 2 potions of mutation {unknown}
 v - a potion of might {unknown}
 w - 3 potions of curing {unknown}


   Skills:
 + Level 1.6 Fighting
 + Level 1.6 Short Blades
 + Level 1.6 Long Blades
 + Level 1.6 Axes
 + Level 1.6 Maces & Flails
 + Level 1.6 Polearms
 + Level 1.6 Staves
 + Level 1.6 Ranged Weapons
 + Level 1.6 Throwing
 + Level 1.6 Armour
 + Level 4.8 Dodging
 + Level 4.5 Stealth
 + Level 1.6 Shields
 + Level 1.6 Unarmed Combat
 + Level 5.2 Spellcasting
 + Level 1.3 Conjurations
 + Level 1.3 Hexes
 + Level 1.3 Summonings
 + Level 1.3 Necromancy
 + Level 1.3 Translocations
 + Level 1.3 Fire Magic
 + Level 7.2 Ice Magic
 + Level 1.3 Air Magic
 + Level 1.3 Earth Magic
 + Level 1.3 Alchemy
 + Level 1.9 Invocations
 + Level 1.6 Evocations
 + Level 1.5 Shapeshifting


You had 7 spell levels left.
You knew the following spells:

 Your Spells              Type           Power      Damage    Failure   Level
a - Freeze                Ice            92%        1d9       1%          1
b - Frozen Ramparts       Ice            46%        1d7       1%          3
c - Summon Ice Beast      Ice/Summ       15%        N/A       3%          3

Your spell library contained the following spells:

 Spells                   Type           Power      Damage    Failure   Level
 Ozocubu's Armour         Ice            23%        N/A       1%          3


Dungeon Overview and Level Annotations

Branches:
Dungeon (4/15)
 Temple: D:4-7

Altars:
Trog
The Shining One

Annotations:
D:4 Menkaure


Innate Abilities, Weirdness & Mutations

You have very sharp teeth.
Your uncanny sense of smell can sniff out nearby items.
Your experience applies equally to all skills.


Message History

You hit the endoplasm.
You kill the endoplasm!
b - a +0 sling (weapon)
An ogre comes into view. It is wielding a +0 giant spiked club.
Fire: b) +0 sling
Press: ? - help, Q - select action, (/) - cycle Shift-Dir - straight line, f - ogre
Aim: an ogre, wielding a +0 giant spiked club (asleep, 98% to hit)
You shoot a sling bullet. The sling bullet hits the ogre!
The ogre shouts!
The ogre is moderately wounded.
Fire: b) +0 sling
Press: ? - help, Q - select action, (/) - cycle Shift-Dir - straight line, f/p - ogre
Aim: an ogre, wielding a +0 giant spiked club (moderately wounded, 71% to hit)
You shoot a sling bullet.
The sling bullet barely misses the ogre.
Casting: Frozen Ramparts (safe; 1% risk of failure)
Confirm with . or Enter, or press ? or * to list all spells.
Casting: Frozen Ramparts (safe; 1% risk of failure)
Press: ? - help, Dir - look around, f - activate The walls around you are covered in ice.
a - a +0 long sword (weapon)
The wall freezes the ogre.
You hit the ogre.
The ogre is heavily wounded.
The wall freezes the ogre.
The ogre hits you with a +0 giant spiked club!!
Ouch! That really hurt!
* * * LOW HITPOINT WARNING * * *
You hit the ogre.
The ogre is severely wounded.
The wall freezes the ogre.
The ogre closely misses you.
You hit the ogre but do no damage. You bite the ogre.
The ogre is severely wounded.
You barely miss the ogre.
The ogre is severely wounded.
The frozen ramparts melt away.
The ogre misses you.
You barely miss the ogre.
The ogre is severely wounded.
The ogre hits you with a +0 giant spiked club!
You die...

......# ......# .......
... ......##+###.....#
..#
##.........#.....##..###
###........#............
.###.#.....#............
.. #.#.....#............
.. #.......#.....O......
∆ #. #.......#....@# ..
#.#.....#.....########
..##.#.....#.....'......#
.....'.....#.....#...)..#
.....#.....#.....#####..#
.....#.....#.....##..####
.##..#..<..#..........#
.##..#.....#..........#
.....#.....#.....##..####


You could see an ogre.

Vanquished Creatures
  A howler monkey (D:4)
  3 adders
  3 gnolls (D:4)
  2 dart slugs
  A ribbon worm (D:2)
  An orc (D:3)
  7 ball pythons
  2 bats (D:2)
  6 endoplasms
  2 giant cockroaches (D:3)
  8 goblins
  8 hobgoblins
  8 jackals
  7 kobolds
  3 quokkas
  2 frilled lizards
  5 rats
69 creatures vanquished.

Vanquished Creatures (collateral kills)
  A gnoll (D:4)
  A ball python (D:4)
2 creatures vanquished.

Grand Total: 71 creatures vanquished

Notes
Turn   | Place    | Note
-------+----------+-------------------------------------------
     0 | D:1      | 0gre the Gnoll Ice Elementalist began the quest for the
                  | Orb.
     0 | D:1      | Reached XP level 1. HP: 13/13 MP: 6/6
   122 | D:1      | Found a faded altar of an unknown god.
   146 | D:1      | Reached XP level 2. HP: 19/19 MP: 7/7
   932 | D:2      | Reached skill level 5 in Spellcasting
   932 | D:2      | Reached XP level 3. HP: 25/25 MP: 7/9
   936 | D:2      | Learned a level 3 spell: Frozen Ramparts
  1230 | D:2      | Reached skill level 1 in Invocations
  1249 | D:2      | Learned a level 3 spell: Summon Ice Beast
  1320 | D:2      | Reached skill level 1 in Fighting
  1320 | D:2      | Reached skill level 1 in Short Blades
  1320 | D:2      | Reached skill level 1 in Long Blades
  1320 | D:2      | Reached skill level 1 in Axes
  1320 | D:2      | Reached skill level 1 in Maces & Flails
  1320 | D:2      | Reached skill level 1 in Polearms
  1320 | D:2      | Reached skill level 1 in Staves
  1320 | D:2      | Reached skill level 1 in Ranged Weapons
  1320 | D:2      | Reached skill level 1 in Throwing
  1320 | D:2      | Reached skill level 1 in Armour
  1320 | D:2      | Reached skill level 1 in Shields
  1320 | D:2      | Reached skill level 1 in Unarmed Combat
  1320 | D:2      | Reached skill level 1 in Evocations
  1356 | D:2      | Reached skill level 1 in Shapeshifting
  1356 | D:2      | Reached XP level 4. HP: 29/32 MP: 7/11
  1815 | D:3      | Found a bloodstained altar of Trog.
  2200 | D:3      | Found a glowing golden altar of the Shining One.
  2206 | D:3      | Reached skill level 1 in Conjurations
  2206 | D:3      | Reached skill level 1 in Hexes
  2206 | D:3      | Reached skill level 1 in Summonings
  2206 | D:3      | Reached skill level 1 in Necromancy
  2206 | D:3      | Reached skill level 1 in Translocations
  2206 | D:3      | Reached skill level 1 in Fire Magic
  2206 | D:3      | Reached skill level 1 in Air Magic
  2206 | D:3      | Reached skill level 1 in Earth Magic
  2206 | D:3      | Reached skill level 1 in Alchemy
  2490 | D:4      | Reached XP level 5. HP: 29/37 MP: 8/12
  2827 | D:4      | Noticed Menkaure
  2943 | D:4      | Noticed an ogre
  2952 | D:4      | Mangled by an ogre

Illustrated notes

Levels and vault maps discovered:
D:1:      dpeg_arrival_stone_temple_mockup, layout_basic,
          nicolae_ecumenical_lake_church, minmay_misc_feat_pillars
D:2:      layout_basic
D:3:      layout_loops_ring, mainiacjoe_overflow_chevrons,
          mainiacjoe_overflow_paths
D:4:      layout_gridville, minmay_cupped, uniq_menkaure

Skill      XL: |  1  2  3  4 |
---------------+-------------+-----
Spellcasting   | 5 |  5.2
Invocations    | 1 |  1.9
Fighting       | 1 |  1.6
Short Blades   | 1 |  1.6
Long Blades    | 1 |  1.6
Axes           | 1 |  1.6
Maces & Flails | 1 |  1.6
Polearms       | 1 |  1.6
Staves         | 1 |  1.6
Ranged Weapons | 1 |  1.6
Throwing       | 1 |  1.6
Armour         | 1 |  1.6
Shields        | 1 |  1.6
Unarmed Combat | 1 |  1.6
Evocations     | 1 |  1.6
Shapeshifting  | 1 |  1.5
Conjurations   | 1 |  1.3
Hexes          | 1 |  1.3
Summonings     | 1 |  1.3
Necromancy     | 1 |  1.3
Translocations | 1 |  1.3
Fire Magic     | 1 |  1.3
Air Magic      | 1 |  1.3
Earth Magic    | 1 |  1.3
Alchemy        | 1 |  1.3
Dodging        | |  4.8
Stealth        | |  4.5
Ice Magic      | |  7.2

Action                     |  1- 3 |  4- 6 || total
---------------------------+-------+-------++-------
  Melee: Mace              |    26 |     7 ||    33
         Bite              |     5 |     3 ||     8
         Punch             |     1 |       ||     1
         Flail             |       |    20 ||    20
         Long sword        |       |     7 ||     7
   Fire: Sling             |    64 |    34 ||    98
   Cast: Freeze            |     4 |       ||     4
         Frozen Ramparts   |     4 |     7 ||    11
         Summon Ice Beast  |       |     1 ||     1
 Armour: Robe              |    13 |    16 ||    29
  Dodge: Dodged            |    27 |    27 ||    54
